 Dungeon Crawl Stone Soup version 0.28.0 (webtiles) character file.

Game seed: 14508815404199237707

67 Sharkman1231 the Sneak (level 4, 0/35 HPs)
             Began as a Demonspawn Delver on Feb 6, 2022.
             Slain by an ufetubus (2 damage)
             ... on level 4 of the Dungeon.
             The game lasted 00:00:54 (613 turns).

Sharkman1231 the Sneak (Demonspawn Delver)           Turns: 613, Time: 00:00:55

Health: 0/35       AC:  3    Str: 12    XL:     4   Next: 0%
Magic:  4/4        EV: 12    Int: 11    God:
Gold:   25         SH:  0    Dex: 17    Spells: 3/3 levels left

rFire   . . .      SeeInvis .   k - +0 long sword
rCold   . . .      Faith    .   (no shield)
rNeg    . . .      Spirit   .   b - +0 leather armour
rPois   .          Reflect  .   (no helmet)
rElec   .          Harm     .   (no cloak)
rCorr   .          Rampage  .   (no gloves)
Will    .....                   (no boots)
Stlth   +++.......              (no amulet)
HPRegen 0.11/turn               (no ring)
MPRegen 0.09/turn               (no ring)

@: attractive
A: ignite blood 1
a: no special abilities


You were on level 4 of the Dungeon.
You visited 1 branch of the dungeon, and saw 3 of its levels.

You collected 25 gold pieces.

Inventory:

Hand Weapons
 a - a +0 falchion
 k - a +0 long sword (weapon)
Armour
 b - a +0 leather armour (worn)
Wands
 g - a wand of digging (3)
Scrolls
 c - a scroll of fog
 d - 2 scrolls of magic mapping
 i - a scroll of silence {unknown}
 j - a scroll of summoning {unknown}
Potions
 f - a potion of haste


   Skills:
 + Level 3.4 Fighting
 * Level 2.8 Long Blades
 + Level 2.3 Dodging
 + Level 4.8 Stealth


You had 3 spell levels left.
You didn't know any spells.
Your spell library was empty.

Dungeon Overview and Level Annotations

Branches:
Dungeon (5/15)
 Temple: D:4-7

Altars:
The Shining One


Innate Abilities, Weirdness & Mutations

Your demonic aura sometimes causes spilled blood to erupt in flames.


Message History

The ufetubus barely misses you.
The ufetubus hits you but does no damage.
You closely miss the ufetubus. The ufetubus hits you.
The ufetubus barely misses you. x3
You barely miss the ufetubus. Your punch misses the ufetubus.
The ufetubus hits you but does no damage.
The ufetubus hits you. x2
* * * LOW HITPOINT WARNING * * *
The ufetubus hits you.
* * * LOW HITPOINT WARNING * * *
You hit the ufetubus.
The ufetubus is moderately wounded.
The ufetubus barely misses you. The ufetubus closely misses you.
The ufetubus misses you. The ufetubus closely misses you.
Unknown command.
You hit the ufetubus.
The ufetubus is heavily wounded.
The ufetubus closely misses you. x3; The ufetubus hits you.
* * * LOW HITPOINT WARNING * * *
Unknown command.
Unknown command.
You miss the ufetubus.
The ufetubus is heavily wounded.
The ufetubus hits you but does no damage.
The ufetubus misses you. The ufetubus barely misses you. x2
Unknown command.
Unknown command.
You barely miss the ufetubus.
The ufetubus is heavily wounded.
The ufetubus closely misses you. The ufetubus hits you.
* * * LOW HITPOINT WARNING * * *
The ufetubus closely misses you. The ufetubus hits you.
* * * LOW HITPOINT WARNING * * *
Unknown command.
Unknown command.
Unknown command.
It was a potion of attraction.
You feel attractive to monsters. The ufetubus hits you.
You die...

#.. #........>...
#..# #....#####...
#.. #....#
#..#####..###
#...........######
#.######...##.....
#.# #......#.#.#.
#5# #.###..'.._..
#@# #.# #.##.#.#.
#.####.###.##.....
#<..........######
######.######.#
#.# #.# #.######.#
#........#
##########


You could see an ufetubus.

Vanquished Creatures
  A bullfrog skeleton (D:4)
  A centaur skeleton (D:5)
  An adder skeleton (D:4)
  An endoplasm (D:3)
  A goblin (D:4)
  3 hobgoblins (D:3)
  2 bats (D:3)
  2 frilled lizards (D:3)
12 creatures vanquished.

Notes
Turn   | Place    | Note
-------+----------+-------------------------------------------
     0 | D:5      | Sharkman1231 the Demonspawn Delver began the quest for the
                  | Orb.
     0 | D:5      | Reached XP level 1. HP: 18/18 MP: 1/1
    25 | D:5      | Gained mutation: Your demonic aura sometimes causes spilled
                  | blood to erupt in flames. [demonic ancestry]
    25 | D:5      | Reached XP level 2. HP: 19/24 MP: 2/2
    99 | D:5      | Noticed a scorpion
   107 | D:5      | Noticed a gnoll sergeant
   125 | D:4      | Reached XP level 3. HP: 29/29 MP: 3/3
   357 | D:3      | Reached XP level 4. HP: 35/35 MP: 4/4
   613 | D:4      | Slain by an ufetubus

Illustrated notes

Levels and vault maps discovered:
D:3:      layout_basic, trog_three_pillars_becter,
          hellmonk_ecumenical_altar_pennies_from_heaven, serial_shops,
          nicolae_shop_statue_plus, minmay_misc_feat_plants
D:4:      layout_loops_ring, kennysheep_little_box,
          minmay_temple_entry_junction, gammafunk_ghost_smash,
          kennysheep_generic_room_15
D:5:      layout_basic, minmay_overflow_temple_hex, st_stairs_9,
          minmay_door_square, corexii_item_surrounded_by_moat,
          minmay_ruined_shrine

Skill      XL: |  1 |
---------------+----+-----
Long Blades    | 2 |  2.8
Dodging        | 2 |  2.3
Fighting       | |  3.4
Stealth        | |  4.8

Action                   |  1- 3 |  4- 6 || total
-------------------------+-------+-------++-------
Melee: Falchion          |    31 |       ||    31
       Long sword        |       |    19 ||    19
  Use: Scroll            |       |     1 ||     1
       Potion            |       |     1 ||     1
 Stab: Sleeping          |     3 |     1 ||     4
Armor: Leather armour    |    12 |     4 ||    16
Dodge: Dodged            |    18 |    32 ||    50
